 Dungeon Crawl Stone Soup version 0.29-a0-416-g83a48905f1 (webtiles) character file.

Game seed: 14121652849791506170

12560 purpskrrrp the Basher (level 11, -4/94 HPs)
             Began as a Minotaur Gladiator on May 16, 2022.
             Was an Elder of Makhleb.
             Slain by a death yak (20 damage)
             ... in an ice cave.
             The game lasted 01:35:27 (11937 turns).

purpskrrrp the Basher (Minotaur Gladiator)         Turns: 11937, Time: 01:35:27

Health: -4/94      AC:  9    Str: 23    XL:     11   Next: 64%
Magic:  10/10      EV: 15    Int:  5    God:    Makhleb [****..]
Gold:   734        SH:  5    Dex: 18    Spells: 7/10 levels left

rFire   . . .      SeeInvis .   K - +7 dire flail
rCold   + . .      Faith    .   (shield currently unavailable)
rNeg    . . .      Spirit   .   I - +3 leather armour {rC+}
rPois   .          Reflect  +   c - +0 hat
rElec   .          Harm     .   (no cloak)
rCorr   .          Rampage  .   v - +1 pair of gloves
Will    .....                   (no boots)
Stlth   +++.......              m - amulet of reflection
HPRegen 0.25/turn               d - ring of wizardry
MPRegen 0.12/turn               r - +6 ring of dexterity

@: no status effects
A: horns 2, retaliatory headbutt
a: Renounce Religion, Minor Destruction, Lesser Servant of Makhleb, Major
Destruction


You were in an ice cave.
You worshipped Makhleb.
Makhleb was greatly pleased with you.
You visited 1 branch of the dungeon, and saw 11 of its levels.
You also visited: Ice Cave.

You collected 734 gold pieces.

Inventory:

Hand Weapons
 i - a +0 great mace
 K - a +7 dire flail (weapon)
 O - a +2 trident of venom
 T - a +5 long sword
Missiles
 q - 15 poisoned darts (quivered)
 s - 13 boomerangs
 N - 6 javelins
 R - 2 throwing nets
Armour
 c - a +0 hat (worn)
 e - a +0 plate armour
 n - a +0 ring mail
 v - a +1 pair of gloves (worn)
 I - a +3 leather armour of cold resistance (worn)
 J - an orb of guile
 Q - a +0 helmet
Magical Staves
 X - a staff of death
Jewellery
 a - an amulet of the acrobat
 d - a ring of wizardry (left hand)
 m - an amulet of reflection (around neck)
 r - a +6 ring of dexterity (right hand)
 G - a ring of protection from cold
 U - an amulet of regeneration
Wands
 f - a wand of mindburst (12)
 w - a wand of acid (2)
 H - a wand of flame (3)
Scrolls
 j - 5 scrolls of teleportation
 x - a scroll of blinking
 y - a scroll of amnesia
 F - a scroll of vulnerability
 L - a scroll of magic mapping
 M - 4 scrolls of immolation
 P - a scroll of poison
 S - a scroll of acquirement {unknown}
 V - 2 scrolls of identify
Potions
 b - 5 potions of mutation
 g - 8 potions of lignification
 h - 3 potions of curing
 l - 2 potions of magic
 o - a potion of heal wounds
 p - a potion of might
 t - a potion of invisibility {unknown}
 u - a potion of attraction {unknown}
 z - 3 potions of degeneration
 A - 2 potions of haste
 B - a potion of cancellation {unknown}
 C - a potion of resistance {unknown}
 D - a potion of flight {unknown}
Miscellaneous
 W - a lightning rod (4/4)


   Skills:
 + Level 8.0 Fighting
 + Level 13.6(13.9) Maces & Flails
 + Level 4.2(9.8) Staves
 + Level 7.9 Throwing
 + Level 6.8 Armour
 + Level 6.5 Dodging
 + Level 3.9 Stealth
 + Level 5.3 Shields
 + Level 0.4 Spellcasting
 + Level 0.7 Hexes
 + Level 0.5 Summonings
 + Level 2.5 Evocations


You had 7 spell levels left.
You knew the following spells:

 Your Spells              Type           Power      Damage    Failure   Level
a - Summon Guardian Gole  Hex/Summ       0%         N/A       45%         3

Your spell library contained the following spells:

 Spells                   Type           Power      Damage    Failure   Level
 Magic Dart               Conj           0%         1d3       22%         1
 Searing Ray              Conj           0%         2d4       32%         2
 Static Discharge         Conj/Air       0%         N/A       32%         2
 Fulminant Prism          Conj/Hex       0%         3d6       86%         4
 Animate Armour           Summ/Erth      0%         N/A       87%         4
 Blade Hands              Tmut           0%         N/A       99%         5
 Lightning Bolt           Conj/Air       0%         1d11      99%         5
 Iron Shot                Conj/Erth      0%         9d1       100%        6
 Orb of Destruction       Conj           0%         9d5       100%        7
 Spellforged Servitor     Conj/Summ      0%         N/A       100%        7
 Maxwell's Capacitive Co  Air            0%         ∞         100%        8


Dungeon Overview and Level Annotations

Branches:
Dungeon (11/15)            Temple (0/1) D:6            Lair (0/6) D:10
    Orc (0/2) D:10          IceCv (1/1)

Altars:
Kikubaaqudgha
Makhleb
Nemelex Xobeh
Okawaru
Xom
Zin
The Shining One
Beogh

Annotations:
D:11 2 transporters, croobank's ghost, journeyman GnDe


Innate Abilities, Weirdness & Mutations

You have a pair of horns on your head.
You reflexively headbutt those who attack you in melee.


Message History

You hit the yak.
The yak is lightly wounded.
You impale the yak!!
The yak is severely wounded.
The death yak completely misses you. You furiously retaliate!
You headbutt the death yak, but do no damage.
The yak gores you!
You bludgeon the yak!!
You kill the yak!
Makhleb accepts your kill.
You feel better. The death yak gores you!!
Your Fighting skill increases to level 8!
You hit the death yak.
The death yak is lightly wounded.
The death yak looks more healthy.
You puncture the death yak!
You headbutt the death yak, but do no damage.
The death yak is moderately wounded.
The death yak gores you.
You sock the death yak!
The death yak is moderately wounded.
You hit the death yak.
The death yak is heavily wounded.
The death yak misses you.
You puncture the death yak! You headbutt the death yak.
The death yak is heavily wounded.
The death yak gores you but does no damage.
You completely miss the death yak.
You headbutt the death yak, but do no damage.
The death yak is heavily wounded.
You completely miss the death yak.
The death yak is heavily wounded.
The death yak gores you!!
You barely miss the death yak.
The death yak is heavily wounded.
As you read the scroll of fog, it crumbles to dust.
The scroll dissolves into smoke.
The death yak gores you!
* * * LOW HITPOINT WARNING * * *
The death yak gores you!!
You die...

########
#§@§§#.##
#§§#Y§§..#####
#.§####§.##∩..##
#(Y #..####..∩#
#. ##..# #....#
.⌠ #..†####...#
.. ##...####..##
### ###.÷.##...#
##...##..#


You could see a death yak.

Vanquished Creatures
  A centaur warrior (D:8)
  Erica (D:9)
  2 death yaks (IceCv)
  An ugly thing (D:11)
  A gargoyle (D:10)
  A hornet (D:9)
  Prince Ribbit (D:9)
  2 wraiths
  5 wyverns
  A steam dragon (D:8)
  2 basilisks
  14 yaks
  Menkaure (D:5)
  2 vampire mosquitoes (D:11)
  4 water moccasins
  2 ice beasts (D:5)
  3 sky beasts
  5 orc warriors
  An ogre (D:6)
  3 black bears
  6 centaurs
  4 wolves
  2 phantoms
  2 kobold brigands
  2 bullfrogs
  A necrophage (D:6)
  3 scorpions
  3 gnoll sergeants
  9 wights
  6 killer bees (D:8)
  A howler monkey (D:10)
  5 hounds
  A jelly (D:5)
  9 orc priests
  2 gnoll shamans
  3 iguanas
  4 orc wizards
  8 adders
  23 gnolls
  3 white imps
  2 worms (D:2)
  3 dart slugs
  35 orcs
  3 endoplasms
  3 giant cockroaches
  2 goblins
  7 hobgoblins
  7 jackals (D:4)
  2 quokkas (D:4)
  5 ball pythons (D:1)
  7 bats
  3 frilled lizards
  13 kobolds
  6 rats
248 creatures vanquished.

Vanquished Creatures (others)
  Blork the orc (D:6)
  3 wights (D:8)
  An orc priest (D:8)
  A jelly (D:8)
  A kobold (D:8)
  A fungus (D:10)
  9 plants
17 creatures vanquished.

Grand Total: 265 creatures vanquished

Notes
Turn   | Place    | Note
-------+----------+-------------------------------------------
     0 | D:1      | purpskrrrp the Minotaur Gladiator began the quest for the
                  | Orb.
     0 | D:1      | Reached XP level 1. HP: 18/18 MP: 0/0
   167 | D:1      | Found a faded altar of an unknown god.
   263 | D:1      | Reached XP level 2. HP: 25/25 MP: 1/1
  1324 | D:2      | Reached XP level 3. HP: 30/30 MP: 2/2
  2260 | D:3      | Reached skill level 1 in Armour
  2323 | D:3      | Reached skill level 1 in Maces & Flails
  2471 | D:3      | Reached XP level 4. HP: 38/38 MP: 3/3
  2954 | D:4      | Reached skill level 2 in Maces & Flails
  3346 | D:4      | Found a burning altar of Makhleb.
  3373 | D:4      | Became a worshipper of Makhleb the Destroyer
  3430 | D:4      | Reached XP level 5. HP: 32/45 MP: 4/4
  3581 | D:4      | Reached skill level 3 in Maces & Flails
  3598 | D:4      | Reached skill level 1 in Shields
  4080 | D:4      | Reached skill level 4 in Maces & Flails
  4080 | D:4      | Reached XP level 6. HP: 29/52 MP: 5/5
  4629 | D:5      | Entered Level 5 of the Dungeon
  4651 | D:5      | Noticed an ice beast
  4656 | D:5      | Killed an ice beast
  4670 | D:5      | Noticed Menkaure
  4684 | D:5      | Killed Menkaure
  4685 | D:5      | Reached skill level 5 in Maces & Flails
  4762 | D:5      | Reached skill level 1 in Stealth
  4790 | D:5      | Reached XP level 7. HP: 58/58 MP: 6/6
  4854 | D:5      | Found an iron altar of Okawaru.
  4946 | D:5      | Reached * piety under Makhleb
  4947 | D:5      | Reached skill level 6 in Maces & Flails
  5511 | D:5      | Reached XP level 8. HP: 58/67 MP: 7/7
  5610 | D:6      | Reached skill level 7 in Maces & Flails
  5766 | D:6      | Reached skill level 5 in Armour
  5775 | D:6      | Reached skill level 8 in Maces & Flails
  5985 | D:6      | Found an ancient bone altar of Kikubaaqudgha.
  6084 | D:6      | Learned a level 3 spell: Summon Guardian Golem
  6279 | D:6      | Found a staircase to the Ecumenical Temple.
  6341 | D:6      | Reached skill level 5 in Fighting
  6341 | D:6      | Reached skill level 9 in Maces & Flails
  6341 | D:6      | Reached skill level 5 in Dodging
  6452 | D:6      | Noticed Blork the orc
  6461 | D:6      | Killed Blork the orc
  6547 | D:6      | Reached XP level 9. HP: 57/74 MP: 8/8
  7206 | D:7      | Reached ** piety under Makhleb
  7322 | D:7      | Reached skill level 10 in Maces & Flails
  8149 | D:8      | Reached skill level 5 in Throwing
  8381 | D:8      | Noticed a centaur warrior
  8403 | D:8      | Reached XP level 10. HP: 82/82 MP: 9/9
  8408 | D:8      | Reached *** piety under Makhleb
  8408 | D:8      | Killed a centaur warrior
  8409 | D:8      | Reached skill level 11 in Maces & Flails
  8409 | D:8      | Reached skill level 1 in Evocations
  9326 | D:9      | Noticed Prince Ribbit
  9328 | D:9      | Noticed Erica
  9342 | D:9      | Killed Prince Ribbit
  9535 | D:9      | Found a sparkling altar of Nemelex Xobeh.
  9541 | D:9      | Found a shimmering altar of Xom.
  9552 | D:9      | Found a glowing silver altar of Zin.
  9728 | D:9      | Found a glowing golden altar of the Shining One.
  9917 | D:9      | Killed Erica
  9918 | D:9      | Reached skill level 12 in Maces & Flails
 10128 | D:10     | Entered Level 10 of the Dungeon
 10134 | D:10     | Found a staircase to the Lair.
 10159 | D:10     | Reached skill level 5 in Shields
 10170 | D:10     | Reached XP level 11. HP: 39/91 MP: 10/10
 10810 | D:10     | Found a staircase to the Orcish Mines.
 10813 | D:10     | Reached **** piety under Makhleb
 11288 | D:11     | Found a transporter.
 11295 | D:11     | Noticed a hell hog
 11297 | D:11     | Noticed a wretched star
 11299 | D:11     | Noticed croobank's ghost (journeyman GnDe)
 11318 | D:11     | Reached skill level 13 in Maces & Flails
 11368 | D:11     | Noticed a brown ugly thing
 11377 | D:11     | Killed a brown ugly thing
 11393 | D:11     | Found a transporter.
 11662 | D:11     | Found a frozen archway.
 11668 | IceCv    | Entered an ice cave
 11686 | IceCv    | Noticed a death yak
 11699 | IceCv    | Noticed a death yak
 11701 | IceCv    | Killed a death yak
 11724 | IceCv    | Killed a death yak
 11917 | IceCv    | Noticed a death yak
 11937 | IceCv    | Slain by a death yak

Illustrated notes

Levels and vault maps discovered:
D:1:      dpeg_arrival_renting, layout_basic, nicolae_ecumenical_snake_handling
D:2:      layout_basic, minivault_27
D:3:      layout_loops_ring
D:4:      kennysheep_big_flooded_room, layout_loops_corners,
          mainiacjoe_overflow_boulevard, serial_glass, glass_columns_a,
          glass_columns_b, glass_columns_a, glass_columns_a,
          due_unseen_surprise, grunt_ministairs_9
D:5:      layout_loops_ring, okawaru_trees_1, uniq_menkaure
D:6:      minmay_skewed_foursquare, layout_basic, lemuel_coloured_pillars_altar,
          minmay_temple_entry_hall, chequers_avenue, minivault_4,
          uniq_blork_the_orc
D:7:      layout_basic, corexii_hall_statues_i
D:8:      layout_basic
D:9:      layout_cave_pools, gammafunk_temple_overflow_forgotten,
          nicolae_tso_swordbearing_angel, uniq_prince_ribbit1, uniq_erica
D:10:     layout_roguey, minmay_lair_entry_grove, minmay_orc_entry_temple_small
D:11:     gammafunk_mikee_crab_dinner, layout_loops_ring,
          portal_ice_cave_entry_pillars_2, gammafunk_ghost_abyssal_escape
IceCv:    ice_cave_caverns_03

Skill      XL: |  1  2  3  4  5  6  7  8  9 10 11 |
---------------+----------------------------------+-----
Staves         | 4 |  4.2
Armour         | 1 2 3 4 5 6 |  6.8
Maces & Flails | 1 2 4 5 6 9 10 12 13 | 13.6
Fighting       | 3 4 5 6 8 |  8.0
Shields        | 1 2 3 5 |  5.3
Dodging        | 4 5 6 |  6.5
Stealth        | 1 2 3 |  3.9
Throwing       | 3 5 7 |  7.9
Evocations     | 1 2 |  2.5
Spellcasting   | |  0.4
Hexes          | |  0.7
Summonings     | |  0.5

Action                   |  1- 3 |  4- 6 |  7- 9 | 10-12 || total
-------------------------+-------+-------+-------+-------++-------
Melee: Quarterstaff      |    32 |       |       |       ||    32
       Morningstar       |    67 |    88 |    41 |       ||   196
       Headbutt          |    12 |    15 |    35 |    57 ||   119
       Punch             |     1 |     1 |       |       ||     2
       Dire flail        |       |       |   139 |   242 ||   381
Throw: Throwing net      |       |     3 |     2 |       ||     5
       Javelin           |       |     8 |    36 |    16 ||    60
       Dart              |       |       |    30 |    24 ||    54
       Boomerang         |       |       |       |    17 ||    17
 Cast: Summon Guardian G |       |       |     1 |     3 ||     4
Evoke: Wand              |       |       |     8 |    17 ||    25
  Use: Scroll            |     1 |       |    17 |     9 ||    27
       Potion            |       |       |     1 |     6 ||     7
 Stab: Sleeping          |     1 |       |     1 |       ||     2
       Distracted        |       |       |       |     1 ||     1
Armor: Leather armour    |     6 |       |    45 |    27 ||    78
       Ring mail         |    35 |    32 |     7 |       ||    74
       Skin              |       |       |       |    20 ||    20
Dodge: Dodged            |    70 |    67 |   104 |    86 ||   327
Block: Other             |    10 |    27 |    37 |    31 ||   105
       Reflection        |       |       |     6 |     3 ||     9

Table legend: (Time is in decaauts)
 A = Elapsed time spent in this place.
 B = Non-inter-level travel time spent in this place.
 C = Inter-level travel time spent in this place.
 D = Time resting spent in this place.
 E = Time spent auto-exploring this place.
 F = Levels seen in this place.
 G = Mean time per level.
                   A        B        C        D        E       F      G
               +--------+--------+--------+--------+--------+-----+--------+
         Total |  11889 |  10358 |   1531 |   2379 |   5959 |  12 |  990.8 |
       Dungeon |  11639 |  10108 |   1531 |   2207 |   5959 |  11 | 1058.1 |
      Ice Cave |    250 |    250 |      0 |    172 |      0 |   1 |  250.0 |
               +--------+--------+--------+--------+--------+-----+--------+

Top non-repeatable levels by time:
     D:4: 1924 daAuts
     D:6: 1307 daAuts
     D:8: 1298 daAuts
     D:9: 1150 daAuts
     D:2: 1086 daAuts
    D:10: 1029 daAuts
     D:5: 988 daAuts
     D:1: 959 daAuts
     D:7: 762 daAuts
     D:3: 711 daAuts
    D:11: 421 daAuts
   IceCv: 250 daAuts
